 Dungeon Crawl Stone Soup version 0.29-a0-284-gf9362112df (webtiles) character file.

Game seed: 17202237047176533288

25 sammy202020 the Skirmisher (level 2, -12/36 HPs)
             Began as a Demonspawn Berserker on Mar 31, 2022.
             Was a Follower of Trog.
             Killed by nerve-wracking pain
             ... invoked by an orc priest
              (14 damage)
             ... on level 2 of the Dungeon.
             The game lasted 00:03:21 (1087 turns).

sammy202020 the Skirmisher (Demonspawn Berserker)   Turns: 1087, Time: 00:03:22

Health: -12/36     AC:  5    Str: 17    XL:     2   Next: 86%
Magic:  2/2        EV: 11    Int:  8    God:    Trog [*.....]
Gold:   59         SH:  0    Dex: 12    Spells: 1/1 levels left

rFire   . . .      SeeInvis .   a - +0 hand axe
rCold   . . .      Faith    .   (no shield)
rNeg    . . .      Spirit   .   b - +0 ring mail
rPois   .          Reflect  .   (no helmet)
rElec   .          Harm     .   (no cloak)
rCorr   .          Rampage  .   (no gloves)
Will    .....                   (no boots)
Stlth   ..........              (no amulet)
HPRegen 0.12/turn               k - +4 ring of slaying
MPRegen 0.08/turn               (no ring)

@: mighty, berserking (expiring), very quick
A: powered by pain 1
a: Renounce Religion, Berserk


You were on level 2 of the Dungeon.
You worshipped Trog.
Trog was aware of your devotion.
You visited 1 branch of the dungeon, and saw 2 of its levels.

You collected 59 gold pieces.

Inventory:

Hand Weapons
 a - a +0 hand axe (weapon)
Missiles
 c - 2 poisoned darts (quivered)
Armour
 b - a +0 ring mail (worn)
 f - a +0 leather armour
Jewellery
 k - a +4 ring of slaying (left hand)
Scrolls
 d - 2 scrolls of enchant weapon {unknown}
 e - a scroll of amnesia {unknown}
 g - 5 scrolls of identify {unknown}
 h - a scroll of summoning {unknown}
 j - a scroll of teleportation {unknown}
Potions
 i - 3 potions of heal wounds {unknown}
 l - a potion of might {unknown}
 m - a potion of brilliance {unknown}


   Skills:
 * Level 3.3 Fighting
 * Level 3.0 Axes
 * Level 2.2 Armour
 + Level 2.0 Dodging


You had one spell level left.
You didn't know any spells.
Your spell library was empty.

Dungeon Overview and Level Annotations

Branches:
Dungeon (2/15)

Altars:


Innate Abilities, Weirdness & Mutations

You sometimes gain a little power by taking damage.


Message History

You are too injured to fight recklessly!
You are too injured to fight recklessly!
You are too injured to fight recklessly!
You are too injured to fight recklessly!
You are too injured to fight recklessly!
You are too injured to fight recklessly!
You are too injured to fight recklessly!
You are too injured to fight recklessly!
Unknown command.
A red film seems to cover your vision as you go berserk!
You feel yourself moving faster!
You feel mighty! The orc hits you with a +0 club.
You slash the orc!
You kill the orc!
Trog accepts your kill.
Your Dodging skill increases to level 2!
You slash the ball python!
You kill the ball python!
Trog accepts your kill.
You barely miss the orc priest. The orc priest barely misses you.
You barely miss the orc priest.
The orc priest invokes the aid of Beogh against you.
Beogh smites you!
* * * LOW HITPOINT WARNING * * *
You focus on the pain.
You feel very mighty all of a sudden.
You slash the orc priest!
The orc priest is heavily wounded.
You hit the orc priest. You punch the orc priest.
The orc priest is almost dead.
The orc priest hits you with a +0 flail.
* * * LOW HITPOINT WARNING * * *
You completely miss the orc priest.
The orc priest is almost dead.
The orc priest looks braver for a moment.
You barely miss the orc priest.
The orc priest is almost dead.
The orc priest mumbles some strange prayers to Beogh against you.
Pain shoots through your body!
You die...

#.....######
#.........<#
###.....#.##.#
.........#.#.#
#######.###..#
#.######.##
##.#
#.......##
##.#
########.## ##
##@# ##o#


oo# ..# ..# ..# ... ... You could see 2 orc priests and an orc.

Vanquished Creatures
  A dart slug (D:1)
  An orc (D:2)
  2 ball pythons
  An endoplasm (D:1)
  A giant cockroach (D:1)
  A hobgoblin (D:1)
  6 jackals (D:1)
  A quokka (D:1)
  2 bats (D:1)
  2 goblins (D:1)
  A kobold (D:1)
  A rat (D:1)
20 creatures vanquished.

Notes
Turn   | Place    | Note
-------+----------+-------------------------------------------
     0 | D:1      | sammy202020 the Demonspawn Berserker began the quest for
                  | the Orb.
     0 | D:1      | Reached XP level 1. HP: 18/18 MP: 1/1
   470 | D:1      | Gained mutation: You sometimes gain a little power by
                  | taking damage. [demonic ancestry]
   470 | D:1      | Reached XP level 2. HP: 24/24 MP: 2/2
  1087 | D:2      | Killed from afar by an orc priest

Illustrated notes

Levels and vault maps discovered:
D:1:      eino_arrival_cavern_e, layout_loops_ring, minmay_misc_feat_iff,
          nicolae_wormholes
D:2:      layout_loops_ring

Skill      XL: |  1  2 |
---------------+-------+-----
Armour         | 2 |  2.2
Axes           | 3 |  3.0
Dodging        | 2 |  2.0
Fighting       | |  3.3

Action                   || total
-------------------------++-------
Melee: Hand axe          ||    66
       Punch             ||     1
Invok: Berserk           ||     1
Armor: Leather armour    ||     8
       Ring mail         ||    16
Dodge: Dodged            ||    36

Table legend: (Time is in decaauts)
 A = Elapsed time spent in this place.
 B = Non-inter-level travel time spent in this place.
 C = Inter-level travel time spent in this place.
 D = Time resting spent in this place.
 E = Time spent auto-exploring this place.
 F = Levels seen in this place.
 G = Mean time per level.
                   A        B        C        D        E       F      G
               +--------+--------+--------+--------+--------+-----+--------+
         Total |   1093 |   1075 |     18 |      0 |    890 |   2 |  546.5 |
       Dungeon |   1093 |   1075 |     18 |      0 |    890 |   2 |  546.5 |
               +--------+--------+--------+--------+--------+-----+--------+

Top non-repeatable levels by time:
     D:1: 1073 daAuts
     D:2: 20 daAuts
